 Dungeon Crawl Stone Soup version 0.27-a0-1180-g7fc4abc71e (webtiles) character file.

Game seed: 7778084267290334531

44449 Conn the Thaumaturge (level 14, -6/84 HPs)
             Began as an Octopode Fire Elementalist on May 17, 2021.
             Was an Elder of Sif Muna.
             Mangled by a wolf (8 damage)
             ... on level 6 of the Lair of Beasts.
             The game lasted 02:29:56 (27117 turns).

Conn the Thaumaturge (Octopode Fire Elementalist)  Turns: 27117, Time: 02:29:56

Health: -6/84      AC:  1    Str:  9    XL:     14   Next: 28%
Magic:  0/29       EV: 14    Int: 27    God:    Sif Muna [****..]
Gold:   1429       SH:  0    Dex: 12    Spells: 2/36 levels left

rFire    + . .     SeeInvis .   b - staff of fire
rCold    + . .     Faith    .   (no shield)
rNeg     + . .     Spirit   +   (helmet restricted)
rPois    .         Reflect  .   q - amulet of guardian spirit
rElec    .         Harm     .   m - ring of positive energy
rCorr    +         Rampage  .   o - ring of protection from cold
Will     +....                  r - +6 ring of intelligence
Stlth    +++++.....             F - ring of resist corrosion
HPRegen  0.24/turn              J - ring of fire
MPRegen  0.21/turn              t - ring of ice
                                (no ring)
                                (no ring)

@: marked
A: almost no armour, amphibious, 8 rings, camouflage 1, gelatinous body 1,
(nimble swimmer 1), tentacles
a: Renounce Religion, Channel Magic, Forget Spell, Divine Exegesis


You were on level 6 of the Lair of Beasts.
You worshipped Sif Muna.
Sif Muna was greatly pleased with you.
You visited 4 branches of the dungeon, and saw 19 of its levels.
You also visited: Sewer and Bailey.

You collected 2629 gold pieces.
You spent 1200 gold pieces at shops.

Inventory:

Hand Weapons
 a - a +5 dagger of freezing
 g - the +5 long sword "Gauf" {vorpal, *Slow rPois rC+ Stlth+}
   (You found it in a bailey)

   It inflicts extra damage upon your enemies.
   It protects you from cold.
   It protects you from poison.
   It may slow you when you take damage.
   It makes you more stealthy.
 C - the +6 flail of Equilibrium {elec, rF+ Will++ Str-4 Stlth+}
   (You found it on level 6 of the Dungeon)

   Occasionally, upon striking a foe, it can discharge electrical energy and
   cause terrible harm.
   It affects your strength (-4).
   It protects you from fire.
   It greatly increases your willpower.
   It makes you more stealthy.
 E - the +9 hand axe of Laatzosh {holy, rF+}
   (You found it on level 9 of the Dungeon)

   It has been blessed by the Shining One to cause great damage to the undead
   and demons.
   It protects you from fire.
Missiles
 j - 112 poisoned darts
 l - 2 throwing nets
 v - 2 boomerangs of dispersal
 y - 8 curare-tipped darts
Armour
 f - a +2 tower shield
Magical Staves
 b - a staff of fire (weapon)
 h - a staff of poison
Jewellery
 m - a ring of positive energy (left tentacle)
 o - a ring of protection from cold (right tentacle)
 q - an amulet of guardian spirit (around mantle)
 r - a +6 ring of intelligence (on tentacle)
 t - a ring of ice (on tentacle)
 F - a ring of resist corrosion (on tentacle)
 J - a ring of fire (on tentacle)
 K - an amulet of magic regeneration
Wands
 c - a wand of iceblast (23)
 s - a wand of acid (22)
 u - a wand of mindburst (12)
 x - a wand of paralysis (8)
Scrolls
 e - a scroll of enchant armour
 i - 10 scrolls of identify
 p - 7 scrolls of teleportation
 w - a scroll of immolation
 I - 4 scrolls of holy word
Potions
 d - a potion of resistance
 k - 3 potions of flight
 n - a potion of haste
 A - 2 potions of might
 B - a potion of lignification {unknown}
 L - a potion of attraction {unknown}


   Skills:
 + Level 3.8 Fighting
 + Level 3.7 Short Blades
 + Level 1.2(1.5) Maces & Flails
 + Level 1.0(1.3) Staves
 + Level 3.5 Dodging
 + Level 7.9 Stealth
 + Level 11.8 Spellcasting
 + Level 11.2 Conjurations
 * Level 3.6 Hexes
 * Level 6.0 Summonings
 - Level 5.0 Translocations
 + Level 10.1 Fire Magic
 + Level 1.0 Ice Magic
 * Level 5.8 Air Magic
 + Level 3.2 Poison Magic
 + Level 6.0 Invocations
 + Level 0.5 Evocations


You had 2 spell levels left.
You knew the following spells:

 Your Spells              Type           Power      Damage    Failure   Level
a - Foxfire               Conj/Fire      100%       2x1d9     1%          1
b - Bolt of Magma         Conj/Fire/Erth 44%        4d18      5%          5
c - Inner Flame           Hex/Fire       88%        N/A       1%          3
d - Sticky Flame          Conj/Fire      100%       2d11      1%          4
e - Hailstorm             Conj/Ice       65%        3d14      2%          4
f - Blink                 Tloc           N/A        N/A       1%          2
g - Mephitic Cloud        Conj/Pois/Air  51%        N/A       1%          3
h - Fireball              Conj/Fire      52%        3d20      1%          5
i - Airstrike             Air            23%        N/A       3%          4
j - Summon Guardian Gole  Hex/Summ       42%        N/A       1%          3

Your spell library contained the following spells:

 Spells                   Type           Power      Damage    Failure   Level
 Corona                   Hex            38%        N/A       1%          1
 Magic Dart               Conj           100%       1d8       1%          1
 Shock                    Conj/Air       100%       1d9       1%          1
 Summon Small Mammal      Summ           100%       N/A       1%          1
 Call Imp                 Summ           48%        N/A       1%          2
 Ensorcelled Hibernation  Hex/Ice        84%        N/A       1%          2
 Slow                     Hex            35%        N/A       1%          2
 Static Discharge         Conj/Air       58%        N/A       1%          2
 Freeze                   Ice            100%       1d11      2%          1
 Call Canine Familiar     Summ           48%        N/A       1%          3
 Conjure Flame            Conj/Fire      100%       6-21      1%          3
 Dazzling Flash           Conj/Hex       100%       N/A       1%          3
 Stone Arrow              Conj/Erth      92%        3d12      1%          3
 Swiftness                Air            47%        N/A       1%          3
 Fulminant Prism          Conj/Hex       27%        3d14      1%          4
 Iskenderun's Battlesphe  Conj           67%        2d12      1%          5
 Confusing Touch          Hex            35%        N/A       2%          3
 Tukima's Dance           Hex            35%        N/A       2%          3
 Summon Lightning Spire   Summ/Air       48%        N/A       3%          4
 Lightning Bolt           Conj/Air       29%        1d45      3%          5
 Frozen Ramparts          Ice            64%        1d8       7%          3
 Ozocubu's Armour         Ice            32%        N/A       7%          3
 Summon Ice Beast         Ice/Summ       51%        N/A       9%          4
 Orb of Destruction       Conj           33%        9d12      30%         7
 Metabolic Englaciation   Hex/Ice        21%        N/A       36%         5
 Iron Shot                Conj/Erth      23%        9d5       50%         6
 Spellforged Servitor     Conj/Summ      29%        N/A       65%         7
 Tornado                  Air            23%        N/A       100%        9


Dungeon Overview and Level Annotations

Branches:
Dungeon (10/15)            Temple (1/1) D:6            Lair (6/6) D:9
  Swamp (0/4) Lair:3        Snake (0/4) Lair:3        Slime (0/5) Lair:5
    Orc (2/2) D:10            Elf (0/3) Orc:2         Sewer (visited)
 Bailey (visited)

Altars:
Ashenzari
Cheibriados
Dithmenos
Elyvilon
Fedhas
Gozag
Hepliaklqana
Kikubaaqudgha
Makhleb
Nemelex Xobeh
Okawaru
Qazlal
Ru
Sif Muna
Trog
Uskayaw
Vehumet
Wu Jian
Xom
Yredelemnul
Zin
The Shining One
Beogh
Jiyva

Shops:
D:3 **(   D:9 *   Orc:2 (*[:

Annotations:
Lair:6 Josephine


Innate Abilities, Weirdness & Mutations

You cannot wear most types of armour.
You are amphibious.
You can wear up to eight rings at the same time.
Your skin changes colour to match your surroundings (Stealth+).
Your rubbery body absorbs attacks. (AC +1, EV +1)
((You are camouflaged near water. (Stealth+)))
You have tentacles for arms and can constrict up to eight enemies at once.


Message History

You hear a bellow!
You hear a howl!
You hear an angry hiss.
You hear a howl!
You hear an angry growl.
You hear a bark! x2; You hear a howl!
You hear a bark!
You hear an angry growl. x2
The wyvern barely misses you. The wolf misses you.
The boulder beetle curls into a ball and begins rolling!
The wyvern bites you!
* * * LOW HITPOINT WARNING * * *
The black bear misses you. The black bear claws you.
* * * LOW HITPOINT WARNING * * *
The black bear claws you.
* * * LOW HITPOINT WARNING * * *
The wyvern moves out of view.
You hear a bark!
You hear a howl!
You hear a bark! x2; You hear a howl!
Press: ? - help, v - describe, . - travel
Here: a boulder beetle (rolling)
The floor.
Unknown command.
Unknown command.
Okay, then.
Casting: Sticky Flame (safe; 1% risk of failure)
Confirm with . or Enter, or press ? or * to list all spells.
Okay, then.
Okay, then.
Okay, then.
Okay, then.
Unknown command.
Okay, then.
Casting: Sticky Flame (safe; 1% risk of failure)
Confirm with . or Enter, or press ? or * to list all spells.
Okay, then.
Okay, then.
Okay, then.
Okay, then.
Okay, then.
You hear a howl!
The wolf barely misses you.
The wyvern hisses menacingly.
The wyvern hisses menacingly.
The wolf bites you!
You die... ......Y.......PP.....## .....°l..l.h.........:. .....°...Y.F.Y......... ....○Y...S YF.........

.....○hFY#SF..........
#BhF#lhllW.##.#.###
##h.S.hh...###.#.#.
###.lhF##....##......
#...@l.........(.W.PP
.........#..............
....#.................F.
... ##..........#.....†@
.. ..PP###...###..#P..
#..### .... ###...# ...
... ..#P.. .... ......
.#P...


You could see a boulder beetle (rolling), 3 elephants, a polar bear, a komodo
dragon, 3 black mambas, 2 yaks, 3 cane toads, 3 blink frogs, a wraith, a warg, a
hell hound, 2 black bears, 6 wyverns and 3 wolves.

Vanquished Creatures
  An orc warlord (Orc:2)
  A fire dragon (Lair:4)
  2 hydras
  A catoblepas (Lair:5)
  4 two-headed ogres
  5 death yaks
  3 orc high priests (Orc:2)
  A bog body (Lair:3)
  8 orc knights
  A deep elf pyromancer (D:9)
  2 orc sorcerers (Orc:2)
  A cyclops (Orc:2)
  An oklob plant (Lair:6)
  2 torpor snails
  2 black mambas
  8 cane toads
  7 komodo dragons
  A tengu conjurer (D:9)
  3 polar bears
  8 trolls
  Grinder (D:4)
  8 blink frogs
  3 wraiths
  6 wyverns
  27 yaks
  4 basilisks
  2 swamp worms (Lair:3)
  Menkaure (D:7)
  5 wargs
  A naga (Lair:3)
  11 water moccasins
  38 orc warriors
  A sky beast (D:7)
  2 black bears (D:9)
  6 ice beasts
  A necrophage (D:5)
  4 boggarts (Lair:4)
  10 wolves (Lair:3)
  11 ogres
  6 centaurs
  3 kobold brigands
  A gnoll sergeant (D:8)
  5 bullfrogs
  3 scorpions
  A wyvern skeleton (D:5)
  5 wights (D:7)
  3 killer bees (D:8)
  2 electric eels
  A howler monkey (D:5)
  A bullfrog zombie (D:6)
  4 centaur zombies
  A hound (D:6)
  6 orc priests
  A centaur skeleton (D:4)
  2 jellies
  4 gnoll shamans
  A bullfrog skeleton (D:6)
  5 iguanas
  Natasha (thrice) (D:3)
  21 orc wizards
  A hound zombie (D:5)
  A howler monkey zombie (D:6)
  25 gnolls
  11 adders
  A howler monkey skeleton (D:4)
  2 river rats
  A shadow imp (D:7)
  2 white imps
  An adder skeleton (D:4)
  64 orcs
  7 ball pythons
  8 endoplasms
  6 giant cockroaches
  11 goblins
  14 hobgoblins
  13 jackals
  A quokka (D:2)
  3 bats
  4 frilled lizards
  35 kobolds
  13 rats
507 creatures vanquished.

Vanquished Creatures (collateral kills)
  A phantom (D:5)
  A hound (D:4)
  Ijyb (D:4)
3 creatures vanquished.

Vanquished Creatures (others)
  949 foxfires
  48 fungi
  75 plants
1072 creatures vanquished.

Grand Total: 1582 creatures vanquished

Notes
Turn   | Place    | Note
-------+----------+-------------------------------------------
     0 | D:1      | Conn the Octopode Fire Elementalist began the quest for the
                  | Orb.
     0 | D:1      | Reached XP level 1. HP: 11/11 MP: 3/3
   317 | D:1      | Reached XP level 2. HP: 11/17 MP: 0/5
   823 | D:1      | Found a faded altar of an unknown god.
   970 | D:1      | Reached XP level 3. HP: 16/21 MP: 2/6
  1527 | D:2      | Learned a level 3 spell: Conjure Flame
  1634 | D:2      | Found a bloodstained altar of Trog.
  2204 | D:2      | Reached XP level 4. HP: 27/27 MP: 6/8
  2694 | D:3      | Found Hoqits's General Store.
  2755 | D:3      | Reached XP level 5. HP: 31/31 MP: 1/9
  2757 | D:3      | Found a glowing drain.
  2774 | D:3      | Reached skill level 1 in Short Blades
  2856 | Sewer    | Entered a sewer
  3129 | Sewer    | Noticed a kobold brigand
  3138 | Sewer    | Killed a kobold brigand
  3246 | Sewer    | Found a white marble altar of Elyvilon.
  3330 | D:3      | Found a shimmering blue altar of Sif Muna.
  3330 | D:3      | Found a glowing silver altar of Zin.
  3345 | D:3      | Became a worshipper of Sif Muna the Loreminder
  3357 | D:3      | Reached XP level 6. HP: 37/37 MP: 6/10
  3360 | D:3      | Found Esitz's Weapon Boutique.
  3429 | D:3      | Found Kinih's General Store.
  3576 | D:3      | Noticed Natasha
  3579 | D:3      | Killed Natasha
  3846 | D:3      | Noticed Natasha
  3857 | D:3      | Killed Natasha
  3924 | D:4      | Noticed Grinder
  3946 | D:4      | Killed Grinder
  3947 | D:4      | Reached skill level 1 in Fighting
  3947 | D:4      | Reached XP level 7. HP: 43/43 MP: 0/12
  4098 | D:4      | Noticed Ijyb
  4290 | D:3      | Noticed Natasha
  4300 | D:3      | Killed Natasha
  4456 | D:4      | Reached * piety under Sif Muna
  4581 | D:3      | Learned a level 3 spell: Inner Flame
  4586 | D:3      | Learned a level 4 spell: Sticky Flame
  4590 | D:3      | Learned a level 2 spell: Call Imp
  5241 | D:4      | Killed Ijyb
  5425 | D:4      | Learned a level 2 spell: Blink
  5599 | D:5      | Entered Level 5 of the Dungeon
  5909 | D:5      | Reached skill level 1 in Translocations
  5909 | D:5      | Reached XP level 8. HP: 13/48 MP: 11/15
  6567 | D:5      | Reached skill level 5 in Spellcasting
  6593 | D:5      | Reached skill level 1 in Summonings
  6868 | D:4      | Reached skill level 5 in Fire Magic
  6898 | D:4      | Reached ** piety under Sif Muna
  8753 | D:6      | Reached XP level 9. HP: 28/54 MP: 8/17
  8929 | D:6      | Identified the +6 flail of Equilibrium {elec, rF+ Will++
                  | Str-4 Stlth+}
  8948 | D:6      | Reached skill level 5 in Conjurations
  8948 | D:6      | Reached skill level 1 in Invocations
  9089 | D:6      | Reached skill level 5 in Stealth
  9791 | D:5      | Learned a level 3 spell: Mephitic Cloud
 10113 | D:6      | Found a shimmering altar of Xom.
 10289 | D:6      | Found a staircase to the Ecumenical Temple.
 10299 | Temple   | Entered the Ecumenical Temple
 10454 | D:7      | Reached *** piety under Sif Muna
 11016 | D:7      | Noticed Menkaure
 11125 | D:7      | Killed Menkaure
 11429 | D:7      | Reached XP level 10. HP: 43/61 MP: 15/20
 11937 | D:8      | Found a flagged portal.
 11946 | Bailey   | Entered a bailey
 12180 | Bailey   | Learned a level 5 spell: Fireball
 12180 | Bailey   | Noticed an orc knight
 12182 | Bailey   | Noticed an orc knight
 12189 | Bailey   | Killed an orc knight
 12189 | Bailey   | Reached **** piety under Sif Muna
 12379 | Bailey   | Killed an orc knight
 12410 | Bailey   | Identified the +5 long sword "Gauf" {vorpal, *Slow rPois
                  | rC+ Stlth+}
 12781 | D:8      | Identified a scroll of acquirement
 12781 | D:8      | Acquired a staff of fire
 12907 | D:8      | Identified the +3 ring mail of Kynuf {rF++ Will+++ Str-5}
 13203 | D:8      | Reached skill level 1 in Air Magic
 13463 | D:9      | Noticed a two-headed ogre
 13510 | D:9      | Killed a two-headed ogre
 13511 | D:9      | Reached skill level 5 in Invocations
 13520 | D:9      | Reached skill level 1 in Poison Magic
 13648 | D:9      | Found Uniaseso's Assorted Antiques.
 13661 | D:9      | Identified the +9 hand axe of Laatzosh {holy, rF+}
 13679 | D:9      | Found a staircase to the Lair.
 13796 | D:9      | HP: 1/61 [centaur/arrow (12)]
 14445 | D:9      | Found an ancient bone altar of Kikubaaqudgha.
 14786 | D:9      | Reached XP level 11. HP: 19/66 MP: 10/23
 14813 | D:9      | Noticed a deep elf pyromancer
 15264 | D:9      | Killed a deep elf pyromancer
 15265 | D:9      | Reached skill level 5 in Translocations
 15271 | D:9      | Identified the Compendium of the Flying Volcanoes
 15828 | Lair:1   | Entered Level 1 of the Lair of Beasts
 16837 | D:10     | Entered Level 10 of the Dungeon
 16837 | D:10     | Noticed a two-headed ogre
 16854 | D:10     | Killed a two-headed ogre
 16934 | D:10     | Found a hide-covered altar of Uskayaw.
 16935 | D:10     | Found a sacrificial altar of Ru.
 16976 | D:10     | Found a glowing golden altar of the Shining One.
 17160 | D:10     | Found a staircase to the Orcish Mines.
 17209 | Orc:1    | Entered Level 1 of the Orcish Mines
 17396 | Orc:2    | Entered Level 2 of the Orcish Mines
 17396 | Orc:2    | Noticed an orc knight
 17398 | Orc:2    | Noticed an orc knight
 17406 | Orc:2    | Killed an orc knight
 17407 | Orc:2    | Reached ***** piety under Sif Muna
 17412 | Orc:2    | Killed an orc knight
 17413 | Orc:2    | Noticed a two-headed ogre
 17416 | Orc:2    | Killed a two-headed ogre
 17417 | Orc:2    | Noticed an orc high priest
 17591 | Orc:2    | Noticed an orc knight
 17597 | Orc:1    | Reached XP level 12. HP: 72/72 MP: 13/25
 17647 | Orc:2    | Killed an orc high priest
 17976 | Orc:2    | Found Ykogrox's Antique Weapon Shop.
 17983 | Orc:2    | Identified Pecigg's Tome of the Farrier (Sif Muna gifted it
                  | to you on level 2 of the Orcish Mines)
 17983 | Orc:2    | Received a gift from Sif Muna
 18034 | Orc:2    | Found Veafeklu's General Store.
 18058 | Orc:2    | Reached skill level 1 in Maces & Flails
 18059 | Orc:2    | Noticed an orc high priest
 18074 | Orc:2    | Reached skill level 10 in Spellcasting
 18075 | Orc:2    | Noticed an orc warlord
 18080 | Orc:2    | Killed an orc high priest
 18080 | Orc:2    | Noticed an orc high priest
 19306 | Orc:2    | Found a staircase to the Elven Halls.
 19325 | Orc:2    | Found Araijusk's Book Boutique.
 19460 | Orc:2    | Noticed a two-headed ogre
 19465 | Orc:2    | Killed a two-headed ogre
 19466 | Orc:2    | Reached skill level 10 in Conjurations
 19590 | Orc:2    | Found Ysuit's Antique Armour Shoppe.
 19592 | Orc:2    | Killed an orc high priest
 19626 | Orc:2    | Learned a level 4 spell: Airstrike
 19630 | Orc:2    | Learned a level 3 spell: Summon Guardian Golem
 19630 | Orc:2    | Bought a book of Power for 675 gold pieces
 19805 | Orc:2    | Reached XP level 13. HP: 78/78 MP: 17/27
 19871 | Orc:2    | Killed an orc warlord
 21444 | Lair:3   | Reached skill level 1 in Hexes
 21817 | Lair:3   | Found a staircase to the Snake Pit.
 22322 | Lair:3   | Found a staircase to the Swamp.
 22758 | Lair:4   | Reached skill level 5 in Summonings
 22924 | Lair:4   | Reached skill level 5 in Air Magic
 23733 | Lair:4   | You fall into a shaft and drop 1 floor!
 24403 | Lair:4   | Noticed a fire dragon
 24427 | Lair:4   | Learned a level 5 spell: Bolt of Magma
 24433 | Lair:4   | Learned a level 5 spell: Iskenderun's Battlesphere
 24656 | Orc:2    | Bought a book of Frost for 525 gold pieces
 24662 | Orc:2    | Learned a level 4 spell: Hailstorm
 25108 | Lair:4   | Killed a fire dragon
 25610 | Lair:5   | Reached XP level 14. HP: 84/84 MP: 19/29
 25611 | Lair:5   | Reached skill level 10 in Fire Magic
 25624 | Lair:5   | Reached skill level 1 in Staves
 25948 | Lair:5   | Found a viscous altar of Jiyva.
 25949 | Lair:5   | Found a staircase to the Slime Pits.
 26517 | Lair:6   | Entered Level 6 of the Lair of Beasts
 26527 | Lair:5   | Reached skill level 1 in Ice Magic
 27108 | Lair:6   | Noticed Josephine
 27115 | Lair:6   | HP: 3/84 [black bear (3)]
 27117 | Lair:6   | Mangled by a wolf

Illustrated notes

Levels and vault maps discovered:
D:1:      lightli_arrival_flooded_house, layout_loops_corners,
          shapermc_ecumenical_altar_venn, minmay_misc_feat_ornament,
          minmay_indecisive_spiral
D:2:      layout_basic, basic_altar, kennysheep_generic_room_12
D:3:      minmay_evil_eye, layout_rooms,
          chequers_temple_overflow_statue_of_worship, portal_sewer_entry_a,
          serial_shops, shop, nicolae_shop_waterfront, shop,
          grunt_decor_arrowhead, uniq_natasha
D:4:      layout_basic, uniq_grinder, uniq_ijyb
D:5:      layout_loops_ring
D:6:      layout_gridville, lemuel_round_altar, minmay_temple_entry_poolview,
          water_maze_lemuel
D:7:      layout_basic, uniq_menkaure
D:8:      layout_gridville, enter_bailey_3
D:9:      layout_long_grid, kennysheep_little_box,
          grunt_lair_entry_orc_guard_hut, serial_shops,
          nicolae_shop_temple_entry_statues_fountains, minmay_radiant
D:10:     layout_cross, amcnicky_altar_gilded, minitemple
Temple:   nicolae_temple_no_exploring_needed
Lair:1:   layout_roguey
Lair:2:   layout_gridlike, serial_bayou_shore_b
Lair:3:   layout_gridlike, nicolae_swamp_entry_splash_gauntlet,
          guppyfry_snake_entry_garden, patterned_corridor
Lair:4:   dragon1_lemuel, layout_cave_shapes, kilobyte_rumbling_trees
Lair:5:   layout_cave_pods, slime_altar_1, serial_bayou_shore_a,
          lemuel_fruit_fields, grunt_megastairs_5
Lair:6:   hangedman_lair_tendril_chambers, layout_regular_city,
          hangedman_lair_caniforms_friends, gammafunk_ghost_cemetery,
          uniq_josephine
Orc:1:    layout_caves, basic_altar, abandoned_shop
Orc:2:    grunt_orc_gardens, layout_caves, grunt_orc_garden, grunt_orc_garden,
          grunt_orc_garden, grunt_orc_garden

Skill      XL: |  1  2  3  4  5  6  7  8  9 10 11 12 13 14 |
---------------+-------------------------------------------+-----
Stealth        | 3 4 5 6 7 |  7.9
Conjurations   | 2 3 4 5 7 8 10 11 | 11.2
Spellcasting   | 3 4 5 6 8 9 10 11 | 11.8
Short Blades   | 1 2 3 |  3.7
Fire Magic     | 4 5 7 9 10 | 10.1
Fighting       | 1 2 3 |  3.8
Translocations | 1 3 4 5 |  5.0
Summonings     | 3 5 6 |  6.0
Invocations    | 3 5 6 |  6.0
Dodging        | 3 |  3.5
Air Magic      | 1 2 5 |  5.8
Poison Magic   | 2 3 |  3.2
Maces & Flails | 1 |  1.2
Hexes          | 2 3 |  3.6
Staves         | 1 |  1.0
Ice Magic      | 1 |  1.0
Evocations     | |  0.5

Action                   |  1- 3 |  4- 6 |  7- 9 | 10-12 | 13-15 || total
-------------------------+-------+-------+-------+-------+-------++-------
Melee: Unarmed           |     3 |       |       |       |       ||     3
       Constrict         |     4 |    12 |    28 |    32 |     4 ||    80
       Dagger            |    18 |    57 |   178 |   103 |     1 ||   357
       Tentacles         |     2 |     9 |    31 |    23 |     6 ||    71
       Staff             |       |       |       |    20 |    29 ||    49
       Flail             |       |       |       |     4 |       ||     4
 Cast: Foxfire           |    50 |    53 |   178 |   218 |    33 ||   532
       Conjure Flame     |       |     1 |    15 |    13 |       ||    29
       Call Imp          |       |       |    21 |     1 |       ||    22
       Blink             |       |       |     5 |     9 |    11 ||    25
       Sticky Flame      |       |       |    15 |    22 |    18 ||    55
       Mephitic Cloud    |       |       |     2 |    53 |     7 ||    62
       Fireball          |       |       |       |    71 |   105 ||   176
       Hailstorm         |       |       |       |       |     8 ||     8
       Summon Guardian G |       |       |       |       |     3 ||     3
Invok: Channel Magic     |       |       |       |     5 |     2 ||     7
       Forget Spell      |       |       |       |     2 |       ||     2
Evoke: Wand              |       |       |     1 |     6 |       ||     7
  Use: Potion            |       |     1 |     5 |     8 |       ||    14
       Scroll            |       |       |     4 |    15 |     5 ||    24
 Stab: Sleeping          |     3 |     4 |    12 |     5 |     2 ||    26
       Confused          |       |       |     1 |    14 |     1 ||    16
       Distracted        |       |       |     1 |       |       ||     1
Armor: Skin              |     1 |     2 |    14 |     6 |     7 ||    30
Dodge: Dodged            |    21 |    21 |   127 |    93 |    61 ||   323

Table legend: (Time is in decaauts)
 A = Elapsed time spent in this place.
 B = Non-inter-level travel time spent in this place.
 C = Inter-level travel time spent in this place.
 D = Time resting spent in this place.
 E = Time spent auto-exploring this place.
 F = Levels seen in this place.
 G = Mean time per level.
                   A        B        C        D        E       F      G
               +--------+--------+--------+--------+--------+-----+--------+
         Total |  27010 |  25836 |   1174 |   6416 |  11588 |  21 | 1286.2 |
       Dungeon |  15273 |  14675 |    598 |   2924 |   7190 |  10 | 1527.3 |
        Temple |      1 |      1 |      0 |      0 |      0 |   1 |    1.0 |
          Lair |   7667 |   7230 |    437 |   1690 |   3864 |   6 | 1277.8 |
  Orcish Mines |   3106 |   2968 |    138 |   1313 |    474 |   2 | 1553.0 |
         Sewer |    448 |    448 |      0 |    234 |     60 |   1 |  448.0 |
        Bailey |    513 |    513 |      0 |    255 |      0 |   1 |  513.0 |
               +--------+--------+--------+--------+--------+-----+--------+

Top non-repeatable levels by time:
     D:9: 2040 daAuts
  Lair:4: 1999 daAuts
  Lair:3: 1900 daAuts
     D:4: 1873 daAuts
     D:5: 1771 daAuts
  Lair:5: 1671 daAuts
   Orc:1: 1669 daAuts
     D:1: 1665 daAuts
     D:8: 1601 daAuts
     D:3: 1598 daAuts
     D:6: 1486 daAuts
   Orc:2: 1437 daAuts
     D:7: 1385 daAuts
     D:2: 1384 daAuts
  Lair:1: 1171 daAuts
